 Dungeon Crawl Stone Soup version 0.19-a0-1792-g28b16ba (webtiles) character file.

16879 TheGoonsmith the Bludgeoner (level 12, -6/132 HPs)
             Began as an Ogre Hunter on Oct 4, 2016.
             Was a High Priest of Okawaru.
             Shot with an arrow by a centaur warrior (31 damage)
             ... on level 13 of the Dungeon.
             The game lasted 00:26:22 (16051 turns).

TheGoonsmith the Bludgeoner (Ogre Hunter)          Turns: 16051, Time: 00:26:23

Health: -6/132     AC: 11    Str: 25    XL:     12   Next: 42%
Magic:  2/3        EV: 14    Int: 17    God:    Okawaru [*****.]
Gold:   291        SH:  0    Dex: 14    Spells: 0 memorised, 11 levels left

rFire  . . .     SeeInvis +     P - +4 great mace "Koqimioti" {crush, Int+3}
rCold  + . .     Gourm    .     O - +5 robe of Night {Dark MR+ SInv}
rNeg   . . .     Faith    +     (shield currently unavailable)
rPois  +         Spirit   .     (helmet restricted)
rElec  .         Dismiss  .     S - +2 cloak of Sollaet {+Blink rPois MP-9 Int+4}
rCorr  .         Reflect  .     (gloves unavailable)
MR     ++...     Harm     .     (boots unavailable)
Stlth  +.........               u - amulet of faith
                                v - +5 ring of strength
                                i - ring of protection from cold

@: very slightly contaminated, invisible
A: unfitting armour, claws 1, tough skin 1
a: Heroism, Finesse, Renounce Religion, Evoke Blink


You were on level 13 of the Dungeon.
You worshipped Okawaru.
Okawaru was extremely pleased with you.
You were not hungry.

You visited 2 branches of the dungeon, and saw 14 of its levels.
You also visited: Sewer.

You collected 843 gold pieces.
You spent 552 gold pieces at shops.

Inventory:

Hand Weapons
 j - a +2 giant spiked club
 z - a +0 giant club
 P - the +4 great mace "Koqimioti" (weapon) {crush, Int+3}
   (Okawaru gifted it to you on level 12 of the Dungeon)

   It inflicts extra damage upon your enemies.
   It affects your intelligence (+3).
Missiles
 c - 4 large rocks
 d - 4 throwing nets
 n - 14 javelins (quivered)
 q - 6 tomahawks
 w - 11 steel tomahawks
Armour
 b - a +1 robe
 p - a +2 cloak
 O - the +5 robe of Night (worn) {Dark MR+ SInv}
   (You bought it in a shop on level 11 of the Dungeon)

   It affects your resistance to hostile enchantments.
   It lets you see invisible.
 S - the +2 cloak of Sollaet (worn) {+Blink rPois MP-9 Int+4}
   (Okawaru gifted it to you on level 13 of the Dungeon)

   It affects your intelligence (+4).
   It protects you from poison.
   It affects your magic capacity (-9).
   It lets you blink.
Jewellery
 a - a cursed -4 ring of slaying {unknown}
 h - an uncursed ring of wizardry {unknown}
 i - a ring of protection from cold (left claw)
 u - an amulet of faith (around neck)
 v - a +5 ring of strength (right claw)
 G - a cursed ring of teleportation {unknown}
Wands
 s - a wand of iceblast (14/15)
 H - a wand of iceblast (6/15)
Scrolls
 e - a scroll of fear
 r - 4 scrolls of identify
 y - 4 scrolls of recharging
 B - 4 scrolls of remove curse
 C - 2 scrolls of teleportation
 J - a scroll of enchant weapon
 N - 3 scrolls of blinking
 T - a scroll of amnesia
Potions
 f - 2 potions of degeneration {unknown}
 g - a potion of invisibility
 t - a potion of magic
 x - 3 potions of brilliance
 A - 4 potions of curing
 E - a potion of flight
 F - 3 potions of might
 I - 2 potions of lignification
 M - a potion of agility
Books
 D - a book of Cantrips

   Spells                             Type                      Level
   a - Confusing Touch                Hexes                        1
   b - Animate Skeleton               Necromancy                   1
   c - Summon Small Mammal            Summoning                    1
   d - Apportation                    Translocation                1
 L - a book of Callings

   Spells                             Type                      Level
   a - Summon Small Mammal            Summoning                    1
   b - Call Imp                       Summoning                    2
   c - Call Canine Familiar           Summoning                    3
   d - Summon Guardian Golem          Hexes/Summoning              3
   e - Summon Lightning Spire         Summoning/Air                4
   f - Summon Ice Beast               Ice/Summoning                4
Comestibles
 k - 9 meat rations
 l - 5 beef jerkies
 m - 26 fruits
 o - 6 bread rations
 K - 2 slices of pizza
 Q - 4 chunks of flesh


   Skills:
 - Level 12.0 Fighting
 - Level 19.0 Maces & Flails
 - Level 4.0 Throwing
 + Level 7.4 Dodging
 - Level 0.7 Stealth


You had 11 spell levels left.
You didn't know any spells.

Dungeon Overview and Level Annotations

Branches:
Dungeon (13/15)            Temple (1/1) D:6            Lair (0/6) D:10
    Orc (0/2) D:12
 Vaults: D:13-14

Altars:
Ashenzari
Cheibriados
Dithmenos
Elyvilon
Fedhas
Gozag
Hepliaklqana
Kikubaaqudgha
Makhleb
Nemelex Xobeh
Okawaru
Qazlal
Ru
Sif Muna
Trog
Uskayaw
Vehumet
Xom
Yredelemnul
Zin

Shops:
D:10 }   D:11 [


Innate Abilities, Weirdness & Mutations

You are too large for most types of armour.
You have tough skin. (AC +1)
You have sharp fingernails.


Message History

The arrow hits the fire dragon but does no damage.
You thump the fire dragon!
The fire dragon is almost dead.
The centaur shoots an arrow.
The arrow hits the centaur.
The fire dragon bites you but does no damage.
The fire dragon claws you!
* * * LOW HITPOINT WARNING * * *
The fire dragon completely misses you.
You bludgeon the fire dragon!!
You kill the fire dragon!
Okawaru is honoured by your kill.
The centaur shoots an arrow.
The arrow hits the centaur warrior!
The centaur shoots an arrow.
The arrow barely misses the centaur warrior.
You feel much better.
The centaur shoots an arrow.
The arrow hits the centaur!
You bludgeon the centaur!!
You kill the centaur!
Okawaru accepts your kill.
The centaur warrior shoots an arrow.
The arrow hits you!!
You die...

...>...........############...###
..####+#......................#..
.. #.................###..#..
#..########.#.....+ #..#..
#..#......#.#.....# #..###
#..#......#.#.....# #.....
#..#.####.#.#.....# ####.. #..#.#
#)#.#..#+## #.. #....# #@#.#..#
### #....# #)#.#..# +###....#
#(#....# ......#.# cc#....#
......#.######....# ###
..................##### #..
......................+ #..
........#########.....#####..
......<.# #............


You could see a centaur warrior and a centaur.

Vanquished Creatures
  An ettin (D:13)
  A fire dragon (D:13)
  A tengu warrior (D:13)
  An iron troll (D:13)
  A wizard (D:13)
  A hill giant (D:11)
  A deep elf mage (D:13)
  2 ugly things (D:13)
  2 centaur zombies
  A gargoyle (D:12)
  A tengu conjurer (D:10)
  A troll (D:9)
  Grinder (D:4)
  2 hippogriffs
  2 shadows (D:13)
  Sigmund (D:5)
  A wraith (D:13)
  7 yaks
  2 vampires
  2 hungry ghosts
  A mottled dragon (D:12)
  Menkaure (D:7)
  A soldier ant (D:11)
  2 sky beasts
  Purgy (Sewer)
  2 black bears
  6 orc warriors
  2 ice beasts
  A necrophage (D:5)
  3 phantoms
  10 centaurs
  13 ogres
  2 crocodiles
  A big kobold (D:7)
  Blork the orc (D:4)
  7 bullfrogs
  A gnoll sergeant (D:7)
  A wyvern skeleton (D:12)
  3 scorpions
  14 killer bees
  11 wights
  6 howler monkeys
  9 crimson imps
  3 electric eels (D:10)
  2 quasits
  3 jellies
  9 hounds
  8 orc priests
  Crazy Yiuf (D:2)
  A bullfrog zombie (D:12)
  2 bullfrog skeletons
  2 iguanas
  Natasha (thrice) (D:2)
  11 orc wizards
  9 worker ants
  22 gnolls
  9 adders
  13 river rats
  An ooze (D:4)
  An adder zombie (D:5)
  3 worms
  4 adder skeletons
  4 dart slugs
  5 leopard geckos
  47 orcs
  8 giant cockroaches
  8 goblins
  17 hobgoblins
  23 jackals
  22 kobolds
  2 quokkas
  A ball python (D:4)
  14 bats
  5 frilled lizards
  A leopard gecko zombie (D:6)
  25 rats
  A plant (D:10)
421 creatures vanquished.

Vanquished Creatures (others)
  A fungus (D:10)
1 creature vanquished.

Grand Total: 422 creatures vanquished

Notes
Turn   | Place    | Note
-------+----------+-------------------------------------------
     0 | D:1      | TheGoonsmith the Ogre Hunter began the quest for the Orb.
     0 | D:1      | Reached XP level 1. HP: 22/22 MP: 1/1
    53 | D:1      | Reached XP level 2. HP: 20/32 MP: 2/2
   841 | D:1      | Reached XP level 3. HP: 8/40 MP: 3/3
   861 | D:1      | HP: 2/40 [hobgoblin/club (2)]
  1391 | D:1      | Reached skill level 1 in Maces & Flails
  1563 | D:2      | Noticed Natasha
  1564 | D:2      | Killed Natasha
  1564 | D:2      | Reached skill level 2 in Maces & Flails
  1564 | D:2      | Reached XP level 4. HP: 49/49 MP: 4/4
  1579 | D:2      | Reached skill level 3 in Maces & Flails
  2282 | D:2      | Noticed Natasha
  2284 | D:2      | Killed Natasha
  2284 | D:2      | Reached skill level 4 in Maces & Flails
  2349 | D:2      | Noticed Natasha
  2351 | D:2      | Reached XP level 5. HP: 45/55 MP: 5/5
  2362 | D:2      | Killed Natasha
  2362 | D:2      | Reached skill level 5 in Maces & Flails
  2967 | D:2      | Found a runed door.
  3047 | D:2      | Noticed Crazy Yiuf
  3050 | D:2      | Killed Crazy Yiuf
  3311 | D:3      | Found a glowing drain.
  3316 | Sewer    | Entered a sewer
  3324 | Sewer    | Reached skill level 6 in Maces & Flails
  3383 | Sewer    | Noticed Purgy
  3397 | Sewer    | Killed Purgy
  3397 | Sewer    | Reached skill level 7 in Maces & Flails
  3397 | Sewer    | Reached XP level 6. HP: 46/63 MP: 6/6
  4176 | D:4      | Reached skill level 8 in Maces & Flails
  4201 | D:4      | Reached XP level 7. HP: 52/71 MP: 7/7
  4456 | D:4      | Noticed Blork the orc
  4467 | D:4      | Killed Blork the orc
  4689 | D:4      | Noticed Grinder
  4706 | D:4      | Reached skill level 9 in Maces & Flails
  4725 | D:4      | Killed Grinder
  4725 | D:4      | Reached skill level 10 in Maces & Flails
  5105 | D:4      | Reached XP level 8. HP: 76/79 MP: 8/8
  5202 | D:5      | Entered Level 5 of the Dungeon
  5338 | D:5      | Reached skill level 5 in Fighting
  5338 | D:5      | Reached skill level 11 in Maces & Flails
  5863 | D:5      | Reached skill level 12 in Maces & Flails
  6085 | D:5      | Noticed Sigmund
  6136 | D:5      | Killed Sigmund
  6156 | D:5      | Reached XP level 9. HP: 90/91 MP: 9/9
  6313 | D:5      | Reached skill level 13 in Maces & Flails
  6807 | D:6      | Found a staircase to the Ecumenical Temple.
  6819 | Temple   | Entered the Ecumenical Temple
  6904 | Temple   | Became a worshipper of Warmaster Okawaru
  7375 | D:7      | Reached * piety under Okawaru
  7412 | D:7      | Reached skill level 14 in Maces & Flails
  7527 | D:7      | Found a blossoming altar of Fedhas.
  7792 | D:7      | Noticed Menkaure
  7795 | D:7      | Killed Menkaure
  7820 | D:7      | Reached ** piety under Okawaru
  7820 | D:7      | Reached XP level 10. HP: 61/106 MP: 10/10
  8091 | D:7      | Reached skill level 15 in Maces & Flails
  9153 | D:8      | Gained mutation: You have sharp fingernails. [potion of beneficial mutation]
  9310 | D:8      | Reached skill level 10 in Fighting
  9696 | D:9      | Reached skill level 16 in Maces & Flails
  9763 | D:9      | Reached *** piety under Okawaru
 11045 | D:9      | Reached **** piety under Okawaru
 12123 | D:10     | Entered Level 10 of the Dungeon
 12192 | D:10     | Reached XP level 11. HP: 103/120 MP: 11/11
 12213 | D:10     | Reached skill level 17 in Maces & Flails
 12253 | D:10     | Found Waewir's Gadget Shop.
 12258 | D:10     | Received a gift from Okawaru
 12368 | D:10     | Found a snail-covered altar of Cheibriados.
 13350 | D:10     | Found a staircase to the Lair.
 13798 | D:11     | Noticed a hill giant
 13814 | D:11     | Killed a hill giant
 13987 | D:11     | Found Suvoebl Ogeo's Armour Shop.
 13990 | D:11     | Bought the +5 robe of Night {Dark MR+ SInv} for 552 gold pieces
 14189 | D:12     | Found a staircase to the Orcish Mines.
 14369 | D:12     | Reached skill level 18 in Maces & Flails
 14521 | D:12     | Reached ***** piety under Okawaru
 15296 | D:12     | Found a shattered altar of Ashenzari.
 15374 | D:12     | Received a gift from Okawaru
 15377 | D:12     | Got a polished great mace {god gift}
 15378 | D:12     | Identified the +4 great mace "Koqimioti" {crush, Int+3} (Okawaru gifted it to you on level 12 of the Dungeon)
 15462 | D:12     | Reached skill level 19 in Maces & Flails
 15700 | D:13     | Noticed a white ugly thing
 15706 | D:13     | Noticed a green ugly thing
 15706 | D:13     | Killed a white ugly thing
 15712 | D:13     | Killed a green ugly thing
 15825 | D:13     | Reached XP level 12. HP: 130/132 MP: 12/12
 15835 | D:13     | Noticed a tengu warrior
 15846 | D:13     | Killed a tengu warrior
 15849 | D:13     | Reached skill level 5 in Dodging
 15951 | D:13     | Received a gift from Okawaru
 15960 | D:13     | Got a jewelled cloak {god gift}
 15971 | D:13     | Identified the +2 cloak of Sollaet {+Blink rPois MP-9 Int+4} (Okawaru gifted it to you on level 13 of the Dungeon)
 16024 | D:13     | Noticed an iron troll
 16024 | D:13     | Noticed an ettin
 16024 | D:13     | Noticed a fire dragon
 16026 | D:13     | Noticed a centaur warrior
 16039 | D:13     | Killed an iron troll
 16041 | D:13     | Killed an ettin
 16048 | D:13     | HP: 2/132 [fire dragon (10)]
 16049 | D:13     | Killed a fire dragon
 16051 | D:13     | Shot with an arrow by a centaur warrior

Vault maps used:
D:1:      dpeg_arrival_leaves_temple_mockup
D:2:      first_bread, uniq_crazy_yiuf_cottage, uniq_natasha
D:3:      lightli_sewer_entry_pipes
D:4:      corexii_corridor_pit, minmay_hedge_maze, uniq_blork_the_orc,
          uniq_grinder
D:5:      minmay_tree_intersection, dk_rats_in_the_wall, uniq_sigmund
D:7:      kennysheep_housing_project, fedhas_altar_2, uniq_menkaure
D:10:     grunt_lair_entry_orc_guard_hut, basic_altar, serial_shops,
          nicolae_shop_waterfront, grunt_tengu_nest
D:11:     serial_shops, kennysheep_mini
D:12:     david_orc_3, corexii_checkpoint_a, ashenzari_altar_1
D:13:     david_vaults_4
Temple:   regret_index_temple_sigil_plot
Sewer:    sewer_the_crocodile

Skill      XL: |  1  2  3  4  5  6  7  8  9 10 11 12 |
---------------+-------------------------------------+-----
Fighting       | 3 4 6 9 11 12 | 12.0
Maces & Flails | 2 4 7 8 10 12 14 16 19 | 19.0
Dodging        | 3 7 |  7.4
Throwing       | |  4.0
Stealth        | |  0.7

Action                   |  1- 3 |  4- 6 |  7- 9 | 10-12 || total
-------------------------+-------+-------+-------+-------++-------
Melee: Short sword       |    41 |       |       |       ||    41
       Club              |    79 |    60 |       |       ||   139
       Mace              |       |    51 |       |       ||    51
       Flail             |       |   127 |    31 |       ||   158
       Giant club        |       |       |   318 |   253 ||   571
       Giant spiked club |       |       |       |   205 ||   205
       Great mace        |       |       |       |    85 ||    85
Throw: Large rock        |     4 |     7 |       |       ||    11
       Javelin           |       |       |    11 |     5 ||    16
Invok: Heroism           |       |       |       |     3 ||     3
  Use: Scroll            |       |     5 |     8 |    13 ||    26
       Potion            |       |     1 |     1 |     6 ||     8
 Stab: Sleeping          |     1 |     6 |     3 |     1 ||    11
       Distracted        |       |       |       |     2 ||     2
  Eat: Bread ration      |     1 |       |       |     2 ||     3
       Chunk             |       |     7 |    12 |    18 ||    37
       Beef jerky        |       |       |       |     1 ||     1
Armor: Robe              |    29 |    72 |   105 |   184 ||   390
Dodge: Dodged            |    80 |   127 |   174 |   245 ||   626
